 Dungeon Crawl Stone Soup version 0.31-a0-455-g1a7b003ef0 (webtiles) character file.

Game seed: 15829505918961155223

23894 floatRand the Stormcaller (level 13, -1/70 HPs)
             Began as a Tengu Air Elementalist on Aug 3, 2023.
             Was an Elder of Vehumet.
             Killed from afar by a bog body (27 damage)
             ... with a bolt of cold
             ... on level 3 of the Lair of Beasts.
             The game lasted 00:43:24 (20318 turns).

floatRand the Stormcaller (Tengu Air Elementalist) Turns: 20318, Time: 00:43:24

Health: -1/70      AC:  6    Str:  9    XL:     13   Next: 9%
Magic:  24/32      EV: 14    Int: 21    God:    Vehumet [****..]
Gold:   1467       SH:  5    Dex: 14    Spells: 6/24 levels left

rFire   . . .        I - staff of poison
rCold   . . .        (no shield)
rNeg    . . .        C - +0 troll leather armour
rPois   +            (helmet restricted)
rElec   .            w - +0 cloak
rCorr   .            s - +0 pair of gloves
SInv    .            (boots unavailable)
Will    .....        n - amulet of reflection
Stlth   +++          E - ring of magical power
HPRegen 1.11/turn    p - ring of wizardry
MPRegen 0.23/turn

%: reflection, wizardry (x1)
@: about to teleport, marked, flying quickly and evasively, quick
A: beak, talons 3, nimble flight
a: Renounce Religion


You were on level 3 of the Lair of Beasts.
You worshipped Vehumet.
Vehumet was greatly pleased with you.
You visited 3 branches of the dungeon, and saw 14 of its levels.
You also visited: Bailey.

You collected 1994 gold pieces.
You spent 527 gold pieces at shops.

Inventory:

Hand Weapons
 c - a +3 dagger of electrocution
 J - the +4 short sword of Xishramu {holy, Stlth+}
   (You found it in a bailey)

   Stlth:     It makes you more stealthy.
Missiles
 q - a throwing net
Armour
 a - a +1 robe
 b - +0 swamp dragon scales
 s - a +0 pair of gloves (worn)
 w - a +0 cloak (worn)
 C - a +0 troll leather armour (worn)
Magical Staves
 I - a staff of poison (weapon)
Jewellery
 g - a +4 ring of protection
 i - a ring of positive energy
 n - an amulet of reflection (around neck)
 p - a ring of wizardry (right hand)
 u - a ring of resist corrosion
 y - a ring of poison resistance
 E - a ring of magical power (left hand)
 N - a +4 ring of slaying
Wands
 k - a wand of flame (31)
 l - a wand of paralysis (22)
 v - a wand of iceblast (37)
 Q - a wand of quicksilver (7)
Scrolls
 e - 4 scrolls of teleportation
 x - a scroll of amnesia
 z - 2 scrolls of poison {unknown}
 F - 2 scrolls of enchant weapon
 G - 2 scrolls of fear
 H - 3 scrolls of enchant armour
 K - 2 scrolls of blinking {unknown}
 L - 2 scrolls of identify
 O - a scroll of immolation
Potions
 d - 3 potions of haste
 f - 3 potions of might
 h - 3 potions of mutation
 j - a potion of cancellation
 m - 3 potions of resistance
 o - a potion of attraction
 r - 5 potions of lignification
 t - 2 potions of ambrosia
 A - 2 potions of brilliance
 B - a potion of berserk rage {unknown}
 D - 2 potions of enlightenment {unknown}
 M - a potion of curing {unknown}
 P - a potion of magic


   Skills:
 + Level 3.9 Fighting
 - Level 2.1 Dodging
 * Level 6.2 Stealth
 - Level 6.1 Spellcasting
 * Level 15.8 Conjurations
 * Level 18.4 Air Magic
 - Level 5.6 Poison Magic


You had 6 spell levels left.
You knew the following spells:

 Your Spells              Type           Power      Damage    Failure   Level
a - Shock                 Conj/Air       100%       1d9       0%          1
b - Poisonous Vapours     Pois/Air       100%       N/A       1%          2
c - Airstrike             Air            35%        2d(6-22)  1%          4
d - Freezing Cloud        Conj/Ice/Air   26%        6-21      1%          5
e - Mephitic Cloud        Conj/Pois/Air  76%        N/A       1%          3
f - Ignite Poison         Fire/Tmut/Pois 21%        N/A       2%          3

Your spell library contained the following spells:

 Spells                   Type           Power      Damage    Failure   Level
 Conjure Ball Lightning   Conj/Air       34%        3x3d11    1%          6
 Static Discharge         Conj/Air       100%       2-7/arc   0%          2
 Swiftness                Air            71%        N/A       0%          3
 Sandblast                Erth           12%        2d6       1%          1
 Sting                    Tmut/Pois      100%       1d8       1%          1
 Cigotuvi's Dreadful Rot  Necr/Pois/Air  100%       N/A       1%          2
 Dazzling Flash           Conj/Hex       78%        N/A       1%          3
 Stone Arrow              Conj/Erth      78%        3d11      1%          3
 Olgreb's Toxic Radiance  Pois           45%        N/A       1%          4
 Fireball                 Conj/Fire      19%        3d9       1%          5
 Ensorcelled Hibernation  Hex/Ice        12%        N/A       9%          2
 Lesser Beckoning         Tloc           12%        N/A       9%          2
 Passwall                 Tmut/Erth      5%         N/A       9%          2
 Gell's Gravitas          Tloc           6%         N/A       16%         3
 Teleport Other           Tloc           6%         N/A       16%         3
 Cause Fear               Hex            3%         N/A       45%         4
 Dispel Undead            Necr           6%         3d8       45%         4
 Death Channel            Necr           3%         N/A       100%        6
 Orb of Destruction       Conj           32%        9d10      2%          7
 Dragon's Call            Summ           3%         N/A       100%        9


Dungeon Overview and Level Annotations

Branches:
Dungeon (10/15)            Temple (1/1) D:5            Lair (3/5) D:8
  Snake (0/4) Lair:3       Bailey (visited)
  Swamp: Lair:2-3    Shoals: Lair:2-3       Orc: D:9-12

Altars:
Ashenzari
Cheibriados
Dithmenos
Elyvilon
Fedhas
Gozag
Hepliaklqana
Kikubaaqudgha
Makhleb
Nemelex Xobeh
Okawaru
Qazlal
Ru
Sif Muna
Trog
Uskayaw
Vehumet
Wu Jian
Xom
Yredelemnul
Zin
The Shining One

Shops:
D:1 :   D:4 :   D:6 *

Annotations:
D:2 1 runed translucent door, Crazy Yiuf


Innate Abilities, Weirdness & Mutations

You have a beak for a mouth.
You have claws for feet.
Your magical nature lets you fly swiftly and evasively.


Message History

The air twists around and strikes the bullfrog!!
You kill the bullfrog!
Vehumet accepts your kill.
You feel your power returning.
You start resting.
A yak comes into view.
A yak is nearby!
Casting: Airstrike (safe; 1% risk of failure)
Confirm with . or Enter, or press ? or * to list all spells.
Aiming: Freezing Cloud (dangerous; 1% risk of failure)
Press: ? - help, Dir - move target The yak is engulfed in freezing vapours.
Casting: Freezing Cloud (dangerous; 1% risk of failure)
Confirm with . or Enter, or press ? or * to list all spells.
You can't see any susceptible monsters within range! (Use Z to cast anyway.)
A yak comes into view.
Casting: Freezing Cloud (dangerous; 1% risk of failure)
Confirm with . or Enter, or press ? or * to list all spells.
Aiming: Freezing Cloud (dangerous; 1% risk of failure)
Press: ? - help, Dir - move target, f - yak
Aim: a yak (moderately wounded)
The yak is engulfed in freezing vapours.
Unknown command.
A bog body and a yak come into view.
The yak is engulfed in freezing vapours.
You kill the yak!
Vehumet accepts your kill.
You feel your power returning.
A yak comes into view.
The bog body gestures at you while chanting.
The bolt of cold hits you!!!
Ouch! That really hurt!
Casting: Freezing Cloud (dangerous; 1% risk of failure)
Confirm with . or Enter, or press ? or * to list all spells.
Okay, then.
As you read the scroll of teleportation, it crumbles to dust.
You feel strangely unstable.
The bog body points at you and mumbles some strange words.
The bolt of cold hits you!!
You die...

.#
#P...##....#
.#
##...§§§#§§§#
.#
#.....§§#§§##
.#
##.....[§§§##
.#
#.......§.§##
#.#
##..........##
###
#...........P#
##
#............#
P##
#.......@...##
..##
#...........#
...#
#....Y.....##
...##
##...Y......#
....#
#......$.#.#
.P.##
##......n###
...# #Y......#
...# ........#
...#


You could see a bog body and 3 yaks.

Vanquished Creatures
  A hydra (Lair:2)
  Urug (Lair:2)
  A skyshark (Lair:3)
  Pikel (D:8)
  4 black mambas
  2 cane toads (Lair:2)
  A torpor snail (Lair:3)
  Maggie (D:6)
  2 komodo dragons
  A troll (D:8)
  Grinder (D:6)
  12 blink frogs
  2 slime creatures (D:10)
  A shadow (D:10)
  31 yaks
  3 wyverns
  2 wraiths (D:9)
  A basilisk (Lair:2)
  An acid dragon (D:9)
  14 water moccasins
  Duvessa (D:4)
  3 black bears
  2 ice beasts
  16 orc warriors
  An ogre (D:5)
  14 centaurs
  13 wolves
  A phantom (D:5)
  2 lemures (D:8)
  3 kobold brigands
  9 bullfrogs
  A gnoll sergeant (D:10)
  3 scorpions (D:5)
  Dowan (D:4)
  20 wights
  8 killer bees
  6 electric eels
  A howler monkey (D:9)
  10 orc priests
  3 jellies
  8 hounds
  4 gnoll boudas
  3 iguanas
  A sleepcap (D:5)
  Ijyb (D:5)
  10 orc wizards
  Robin (D:4)
  21 gnolls
  14 adders
  A river rat (D:6)
  2 white imps
  2 ufetubi
  4 worms
  2 dart slugs
  64 orcs
  6 ball pythons
  5 bats
  11 endoplasms
  3 giant cockroaches (D:1)
  18 goblins
  10 hobgoblins
  17 kobolds
  4 quokkas
  5 frilled lizards
  12 rats
430 creatures vanquished.

Notes
Turn   | Place    | Note
-------+----------+-------------------------------------------
     0 | D:1      | floatRand the Tengu Air Elementalist began the quest for
                  | the Orb.
     0 | D:1      | Reached XP level 1. HP: 10/10 MP: 4/4
   131 | D:1      | Reached XP level 2. HP: 14/15 MP: 1/6
   408 | D:1      | Reached skill level 5 in Air Magic
   522 | D:1      | Found Guiffef's Book Emporium.
   532 | D:1      | Learned a level 2 spell: Static Discharge
   543 | D:1      | Reached XP level 3. HP: 19/19 MP: 5/7
  1001 | D:1      | Found a faded altar of an unknown god.
  1502 | D:2      | Reached XP level 4. HP: 20/24 MP: 3/8
  1533 | D:2      | Learned a level 4 spell: Airstrike
  1707 | D:2      | Got the Grimoire of Blasting
  1722 | D:2      | Reached skill level 6 in Air Magic
  1782 | D:2      | Found a runed translucent door.
  1783 | D:2      | Noticed Crazy Yiuf
  2341 | D:3      | Found a shadowy altar of Dithmenos.
  2642 | D:3      | Gained mutation: Your magical nature lets you fly swiftly
                  | and evasively. [Tengu growth]
  2642 | D:3      | Reached XP level 5. HP: 25/28 MP: 3/9
  3458 | D:4      | Identified the -2 helmet of Divine Intervention {Str+2}
  3458 | D:4      | Noticed Robin
  3460 | D:4      | Reached skill level 7 in Air Magic
  3460 | D:4      | Killed Robin
  3573 | D:4      | Noticed Duvessa
  3593 | D:4      | Reached XP level 6. HP: 30/32 MP: 6/10
  3852 | D:4      | Found Jich's Book Emporium.
  4032 | D:4      | Noticed a black bear
  4042 | D:4      | Killed a black bear
  4043 | D:4      | Reached skill level 5 in Conjurations
  4043 | D:4      | Reached skill level 8 in Air Magic
  4334 | D:4      | Noticed Dowan
  4340 | D:4      | Killed Duvessa
  4341 | D:4      | Reached XP level 7. HP: 36/36 MP: 2/11
  4367 | D:4      | Killed Dowan
  4368 | D:4      | Reached skill level 9 in Air Magic
  4592 | D:5      | Entered Level 5 of the Dungeon
  4627 | D:5      | Noticed Ijyb
  5152 | D:5      | Killed Ijyb
  5153 | D:5      | Reached skill level 10 in Air Magic
  5247 | D:5      | Reached XP level 8. HP: 34/41 MP: 4/12
  5916 | D:5      | Reached skill level 11 in Air Magic
  6044 | D:5      | Found a staircase to the Ecumenical Temple.
  6081 | Temple   | Entered the Ecumenical Temple
  6100 | Temple   | Became a worshipper of Vehumet
  6144 | D:6      | Noticed Maggie
  6448 | D:5      | Reached skill level 12 in Air Magic
  6661 | D:5      | Reached XP level 9. HP: 41/45 MP: 13/13
  6833 | D:6      | Killed Maggie
  6834 | D:6      | Reached skill level 13 in Air Magic
  6836 | D:6      | Noticed Grinder
  6854 | D:6      | Paralysed by Grinder for 2 turns
  7153 | D:7      | Reached * piety under Vehumet
  7153 | D:7      | Offered knowledge of Foxfire by Vehumet.
  7873 | D:7      | Learned a level 2 spell: Poisonous Vapours
  8005 | D:7      | Reached skill level 10 in Conjurations
  8146 | D:7      | Reached skill level 14 in Air Magic
  8291 | D:6      | Killed Grinder
  8596 | D:6      | Found Caopup's Assorted Antiques.
  8626 | D:6      | Bought a scroll labelled ESEWAV RODIHA for 22 gold pieces
  8630 | D:6      | Identified a scroll of acquirement
  8634 | D:6      | Acquired 1194 gold pieces
  8641 | D:6      | Bought a sedimented pink potion for 19 gold pieces
  8641 | D:6      | Bought a golden ring for 110 gold pieces
  8641 | D:6      | Bought an inky potion for 19 gold pieces
  8641 | D:6      | Bought an emerald potion for 19 gold pieces
  8685 | D:6      | Found a bloodstained altar of Trog.
  8908 | D:6      | Offered knowledge of Momentum Strike by Vehumet.
  9012 | D:4      | Bought a Trismegistus Codex for 338 gold pieces
  9018 | D:4      | Learned a level 5 spell: Freezing Cloud
  9087 | D:8      | Reached ** piety under Vehumet
  9158 | D:8      | Reached XP level 10. HP: 50/50 MP: 10/16
  9695 | D:8      | Found a staircase to the Lair.
 10281 | D:8      | Paralysed by an orc warrior for 4 turns
 10293 | D:8      | Paralysed by an orc warrior for 3 turns
 10816 | D:8      | Offered knowledge of Mephitic Cloud by Vehumet.
 10827 | D:8      | Learned a level 3 spell: Mephitic Cloud
 11324 | D:8      | Reached *** piety under Vehumet
 11587 | D:8      | Reached skill level 15 in Air Magic
 11610 | D:8      | Reached skill level 5 in Spellcasting
 11906 | D:8      | Found a hide-covered altar of Uskayaw.
 11929 | D:8      | Noticed Pikel
 11952 | D:8      | Killed Pikel
 12701 | D:9      | Reached skill level 1 in Poison Magic
 12701 | D:9      | Reached XP level 11. HP: 54/54 MP: 6/20
 12779 | D:9      | Offered knowledge of Frozen Ramparts by Vehumet.
 13054 | D:9      | Found a flagged portal.
 13063 | Bailey   | Entered a bailey
 13125 | Bailey   | Learned a level 3 spell: Ignite Poison
 13204 | Bailey   | Reached **** piety under Vehumet
 13215 | Bailey   | Offered knowledge of Iskenderun's Battlesphere by Vehumet.
 13547 | Bailey   | Reached skill level 16 in Air Magic
 13966 | Bailey   | Identified the +4 short sword of Xishramu {holy, Stlth+}
 15420 | D:10     | Entered Level 10 of the Dungeon
 15832 | D:10     | Reached ***** piety under Vehumet
 15832 | D:10     | Offered knowledge of Conjure Ball Lightning by Vehumet.
 16264 | D:10     | Reached skill level 5 in Poison Magic
 16745 | Lair:1   | Entered Level 1 of the Lair of Beasts
 16763 | Lair:1   | Reached XP level 12. HP: 59/59 MP: 9/22
 16873 | Lair:1   | Reached skill level 17 in Air Magic
 17074 | Lair:1   | Reached skill level 1 in Fighting
 17874 | Lair:1   | Identified the +1 leather armour "But Kyt" {+Blink Int+2
                  | Stlth+}
 18054 | Lair:2   | Noticed Urug
 18060 | Lair:2   | Killed Urug
 18133 | Lair:2   | Noticed a four-headed hydra
 18148 | Lair:2   | Killed a four-headed hydra
 18253 | Lair:2   | Reached skill level 15 in Conjurations
 19165 | Lair:2   | Reached skill level 5 in Stealth
 19165 | Lair:2   | Reached skill level 18 in Air Magic
 19625 | Lair:3   | Noticed a skyshark
 19633 | Lair:3   | Killed a skyshark
 19802 | Lair:3   | Found a staircase to the Snake Pit.
 19849 | Lair:3   | Reached XP level 13. HP: 69/69 MP: 23/23
 20318 | Lair:3   | Killed from afar by a bog body

Illustrated notes

Levels and vault maps discovered:
D:1:      reono_arrival_mine, layout_basic, serial_shops, shop,
          hellmonk_ecumenical_altar_leap_of_faith
D:2:      layout_rooms, uniq_crazy_yiuf_cottage
D:3:      layout_loops_corners, mainiacjoe_overflow_six_doors_small
D:4:      layout_cave_pods, nicolae_stop_n_shop_1, minmay_tree_intersection,
          abandoned_shop, hangedman_decor_growths, uniq_robin, uniq_duvessa
D:5:      minmay_razor_zed, layout_loops_ring,
          minmay_temple_entry_enclosed_plants, uniq_ijyb
D:6:      minmay_general_purpose_star, layout_cave_pools, trog_book,
          lightli_sewer_entry_pipes, serial_shops, nicolae_shop_tiny_waterfront,
          uniq_maggie, uniq_grinder
D:7:      layout_rooms, minmay_crystal_water
D:8:      layout_basic, mainiacjoe_overflow_paths, erik_lair_island, uniq_pikel
D:9:      layout_stronghold, enter_bailey_3, blue_anna_alchemist
D:10:     layout_irregular_city
Temple:   compressed_dpeg_triangle_lava_temple
Lair:1:   layout_loops_ring, serial_bayou_shore_a
Lair:2:   layout_chaotic_city, serial_bayou_pond_e, grunt_megastairs_5,
          uniq_urug
Lair:3:   layout_cave_pods, nicolae_swamp_entry_splash_gauntlet,
          minmay_snake_entry_six_corridors

Skill      XL: |  1  2  3  4  5  6  7  8  9 10 11 12 13 |
---------------+----------------------------------------+-----
Conjurations   | 2 3 4 5 6 8 10 12 14 15 | 15.8
Air Magic      | 5 6 7 8 10 12 14 15 16 18 | 18.4
Spellcasting   | 3 5 6 |  6.1
Poison Magic   | 1 5 |  5.6
Fighting       | 3 |  3.9
Stealth        | 5 6 |  6.2
Dodging        | |  2.1

Action                     |  1- 3 |  4- 6 |  7- 9 | 10-12 | 13-15 || total
---------------------------+-------+-------+-------+-------+-------++-------
  Melee: Unarmed           |    33 |     3 |       |       |       ||    36
         Peck              |     3 |     3 |    27 |    14 |     1 ||    48
         Kick              |     5 |     7 |    45 |    20 |     2 ||    79
         Short sword       |       |    16 |       |       |       ||    16
         Rapier            |       |     4 |       |       |       ||     4
         Dagger            |       |     5 |   136 |    47 |       ||   188
         Punch             |       |       |     3 |     1 |       ||     4
         Staff             |       |       |       |    21 |     6 ||    27
   Cast: Shock             |    70 |   108 |   162 |    28 |       ||   368
         Airstrike         |       |     2 |    28 |   111 |    17 ||   158
         Poisonous Vapours |       |       |    11 |   374 |       ||   385
         Freezing Cloud    |       |       |     1 |    23 |     6 ||    30
         Mephitic Cloud    |       |       |       |    24 |       ||    24
         Ignite Poison     |       |       |       |    15 |       ||    15
  Evoke: Wand              |       |       |     1 |       |       ||     1
    Use: Scroll            |       |     5 |    10 |     4 |     1 ||    20
         Potion            |       |       |     2 |       |       ||     2
   Stab: Sleeping          |     1 |       |       |       |       ||     1
         Paralysed         |       |       |     1 |       |       ||     1
         Confused          |       |       |       |     3 |       ||     3
 Armour: Robe              |    14 |    12 |    71 |     8 |       ||   105
         Troll leather arm |       |       |       |    26 |     1 ||    27
  Dodge: Dodged            |    37 |    28 |   171 |    94 |     8 ||   338
  Block: Other             |       |     4 |    61 |    30 |     1 ||    96
         Reflection        |       |       |     4 |     6 |       ||    10

Table legend: (Time is in decaauts)
 A = Elapsed time spent in this place.
 B = Non-inter-level travel time spent in this place.
 C = Inter-level travel time spent in this place.
 D = Time resting spent in this place.
 E = Time spent auto-exploring this place.
 F = Levels seen in this place.
 G = Mean time per level.
                   A        B        C        D        E       F      G
               +--------+--------+--------+--------+--------+-----+--------+
         Total |  19430 |  19055 |    375 |   4589 |   9900 |  15 | 1295.3 |
       Dungeon |  15005 |  14663 |    342 |   2779 |   8392 |  10 | 1500.5 |
        Temple |     35 |     18 |     17 |      0 |      0 |   1 |   35.0 |
          Lair |   3345 |   3330 |     15 |   1420 |   1451 |   3 | 1115.0 |
        Bailey |   1044 |   1044 |      0 |    388 |     56 |   1 | 1044.0 |
               +--------+--------+--------+--------+--------+-----+--------+

Top non-repeatable levels by time:
     D:8: 3188 daAuts
     D:5: 1874 daAuts
     D:9: 1835 daAuts
  Lair:2: 1561 daAuts
     D:7: 1524 daAuts
     D:4: 1310 daAuts
     D:1: 1299 daAuts
    D:10: 1182 daAuts
  Lair:1: 1080 daAuts
     D:3: 1056 daAuts
  Bailey: 1044 daAuts
     D:2: 880 daAuts
     D:6: 854 daAuts
  Lair:3: 703 daAuts
  Temple: 35 daAuts
